 Dungeon Crawl Stone Soup version 0.28-a0-1143-gcf6077d4cc (webtiles) character file.

Game seed: 14330815717189844880

63 SensoryNuts the Slasher (level 3, -24/28 HPs)
             Began as a Demonspawn Gladiator on Dec 13, 2021.
             Killed by an exploding goblin (43 damage)
             ... ignited by their inner flame
             ... on level 2 of the Dungeon.
             The game lasted 00:01:17 (1528 turns).

SensoryNuts the Slasher (Demonspawn Gladiator)      Turns: 1528, Time: 00:01:17

Health: -24/28     AC:  4    Str: 16    XL:     3   Next: 89%
Magic:  3/3        EV: 12    Int:  9    God:
Gold:   93         SH:  0    Dex: 14    Spells: 2/2 levels left

rFire   . . .      SeeInvis .   a - +0 long sword
rCold   . . .      Faith    .   (no shield)
rNeg    . . .      Spirit   .   b - +0 leather armour
rPois   .          Reflect  .   c - +0 helmet
rElec   .          Harm     .   (no cloak)
rCorr   .          Rampage  .   (no gloves)
Will    .....                   (no boots)
Stlth   +.........              (no amulet)
HPRegen 0.09/turn               (no ring)
MPRegen 0.08/turn               (no ring)

@: weak-willed
A: demonic guardian 1
a: no special abilities


You were on level 2 of the Dungeon.
You visited 1 branch of the dungeon, and saw 2 of its levels.

You collected 93 gold pieces.

Inventory:

Hand Weapons
 a - a +0 long sword (weapon)
Missiles
 d - 3 throwing nets (quivered)
Armour
 b - a +0 leather armour (worn)
 c - a +0 helmet (worn)
Scrolls
 g - a scroll of teleportation


   Skills:
 + Level 2.3 Fighting
 + Level 3.6 Long Blades
 + Level 1.9 Throwing
 + Level 0.3 Armour
 + Level 3.1 Dodging


You had 2 spell levels left.
You didn't know any spells.
Your spell library contained the following spells:

 Spells                   Type           Power      Damage    Failure   Level
 Ozocubu's Armour         Ice            0%         N/A       83%         3
 Metabolic Englaciation   Hex/Ice        0%         N/A       100%        5
 Simulacrum               Ice/Necr       0%         N/A       100%        6


Dungeon Overview and Level Annotations

Branches:
Dungeon (2/15)

Altars:
Gozag

Shops:
D:2 (

Annotations:
D:2 Robin


Innate Abilities, Weirdness & Mutations

A weak demonic guardian rushes to your aid.


Message History

The goblin shouts!
You hear a shout! x3
A goblin comes into view. It is wielding a +0 club.
You hear a shout!
There are monsters nearby! 3 goblins come into view.
The goblin shouts!
A goblin comes into view. It is wielding a +0 dagger.
You aren't carrying any potions.
As you read the scroll labelled LUUXTY CIM WUA, it crumbles to dust.
The creatures around you are filled with an inner flame!
It was a scroll of immolation.
Robin of the Strong Arm comes into view.
They are wielding a +0 dagger.
A hobgoblin comes into view.
As you read the scroll labelled TOXZAN FI WOE, it crumbles to dust.
The goblin shouts!
Magic quickly surges around you.
It was a scroll of vulnerability.
A goblin comes into view. It is wielding a +0 dagger.
Robin says, "Feeling lonely?"
Robin throws the goblin at you!
You closely miss the goblin.
The goblin shouts!
The goblin closely misses you. Robin throws the goblin at you!
You barely miss the goblin. The goblin hits you with a +0 club.
The goblin hits you with a +0 dagger. The goblin closely misses you.
A goblin comes into view. It is wielding a +0 club.
The goblin hits you but does no damage. The goblin closely misses you.
The goblin shouts!
You slash the goblin!
You kill the goblin!
Robin throws the goblin at you! The goblin misses you.
The goblin hits you with a +0 dagger. The goblin hits you but does no damage.
Robin flexes a bicep menacingly.
You barely miss the goblin. The goblin hits you but does no damage.
The goblin hits you with a +0 dagger. The goblin hits you but does no damage.
The goblin barely misses you.
You hit the goblin.
The goblin explodes!
The fiery explosion engulfs you!!!
Ouch! That really hurt!
You die...

##.######...###
...#.#.###....._#
#
.g#.#.....#.##.###
gg#.#.##..#.......
gg#.#.##..#.##.###
#g#.........##....
#g######.......###
####g###
#..........
#(ยงยง@g.#
####.......
#.##g#.#
###.##.### #>#.#
#......##. #...#
#......##. ##..#
#......##.
#.###..#
#.........
#......#
#.....##).
#####.##
########.# #.#
#.....


You could see Robin (weak-willed), a hobgoblin (weak-willed) and 8 goblins.

Vanquished Creatures
  An adder (D:2)
  3 dart slugs
  4 ball pythons
  3 bats
  An endoplasm (D:2)
  3 giant cockroaches
  6 goblins
  7 hobgoblins
  4 jackals (D:1)
  A quokka (D:2)
  2 frilled lizards (D:1)
  5 kobolds
  5 rats
45 creatures vanquished.

Notes
Turn   | Place    | Note
-------+----------+-------------------------------------------
     0 | D:1      | SensoryNuts the Demonspawn Gladiator began the quest for
                  | the Orb.
     0 | D:1      | Reached XP level 1. HP: 16/16 MP: 1/1
     2 | D:1      | Noticed a dwarf
     2 | D:1      | Noticed an octopode
     4 | D:1      | Noticed a draconian
     6 | D:1      | Noticed a gargoyle
     8 | D:1      | Noticed a formicid
     8 | D:1      | Noticed a tengu
    10 | D:1      | Noticed a merfolk
    12 | D:1      | Noticed a demonspawn
    14 | D:1      | Noticed an elf
    14 | D:1      | Noticed an ogre
    16 | D:1      | Noticed a spriggan
    16 | D:1      | Noticed a ghoul
    18 | D:1      | Noticed a vampire
    20 | D:1      | Noticed a troll
    20 | D:1      | Noticed a human
    22 | D:1      | Noticed a naga
    22 | D:1      | Noticed a vine stalker
    24 | D:1      | Noticed a felid
    24 | D:1      | Noticed a demigod
    26 | D:1      | Noticed a minotaur
    89 | D:1      | Gained mutation: A weak demonic guardian rushes to your
                  | aid. [demonic ancestry]
    89 | D:1      | Reached XP level 2. HP: 22/22 MP: 2/2
   670 | D:1      | Reached XP level 3. HP: 27/27 MP: 3/3
   749 | D:2      | Found an opulent altar of Gozag.
   801 | D:2      | Found Gilown's Weapon Shop.
   838 | D:2      | Found a faded altar of an unknown god.
  1522 | D:2      | Noticed Robin
  1528 | D:2      | Killed by an exploding goblin... ignited by their inner
                  | flame

Illustrated notes

Levels and vault maps discovered:
D:1:      kb_arrival_jail, layout_basic, minmay_misc_feat_pillars,
          minmay_ruptured
D:2:      minmay_general_purpose_star, layout_loops_cross, basic_altar,
          basic_ecumenical_altar, serial_shops, nicolae_shop_crystal, uniq_robin

Skill      XL: |  1  2 |
---------------+-------+-----
Long Blades    | 3 |  3.6
Dodging        | 3 |  3.1
Fighting       | |  2.3
Throwing       | |  1.9
Armour         | |  0.3

Action                   || total
-------------------------++-------
Melee: Long sword        ||   112
  Use: Scroll            ||     4
       Potion            ||     3
Armor: Leather armour    ||    44
Dodge: Dodged            ||    91

Table legend: (Time is in decaauts)
 A = Elapsed time spent in this place.
 B = Non-inter-level travel time spent in this place.
 C = Inter-level travel time spent in this place.
 D = Time resting spent in this place.
 E = Time spent auto-exploring this place.
 F = Levels seen in this place.
 G = Mean time per level.
                   A        B        C        D        E       F      G
               +--------+--------+--------+--------+--------+-----+--------+
         Total |   1554 |   1554 |      0 |      0 |   1255 |   2 |  777.0 |
       Dungeon |   1554 |   1554 |      0 |      0 |   1255 |   2 |  777.0 |
               +--------+--------+--------+--------+--------+-----+--------+

Top non-repeatable levels by time:
     D:2: 790 daAuts
     D:1: 764 daAuts
